cohdb
Replays
Latest Replays
All Replays
Popular Replays
Top Player Replays
Match Explorer
How It Works
Community
CoH3 Stats
Reddit
Sign in to upload your games and track your stats! →
Sign in with Steam
Match 29292468
Unlisted
Match 29292468
Overview
Messages
Build Orders
End
Construct Infanterie Kompanie
Selects Italian Coastal Battlegroup
Selects Coastal Reserves
Coastal Reserve
MG 42 Machine Gun Team
Coastal Reserve
Sniper
Medical Bunker
Selects Support Bunkers
Construct Panzergrenadier Kompanie
Panzergrenadier Squad
Selects Designated Artillery Overwatch
Medical Station
Pak 40 Anti-tank Gun Team
Selects Artillery Officer
Pak 40 Anti-tank Gun Team
Coastal Reserve
Infanterie Officer Quarters
Medical Bunker
Panzergrenadier Squad
Panzergrenadier Officer Quarters
Selects Obice da 210/22 Artillery Emplacement
Selects Bulwark
Medical Bunker
Designated Artillery Overwatch
Boxes
Tronk1996
Remless
HulkSMASH
我需要重新集结部队
Lynchie
0
0
Comments
sign in to comment!
No comments posted yet!